Map: 中心协议

Players

shengy

  • Race: Zerg Zerg
  • League: Platinum

Megamanchi - Winner!

  • Race: Protoss Protoss
  • League: Diamond

VOD

Have the link to the VOD?

Description

Time

  • Played on: Dec. 27, 2015, 7:55 p.m.
  • Length: 8:37
Show
View Real Time Build Order
Export as new Build Order

shengy Zerg 

Build Orders: Hatch First 

Get SALT Encoding   

  12  0:01  Drone  
  13  0:09  Drone  
  14  0:17  Overlord  
  14  0:35  Drone x3  
  17  0:47  Drone  
  18  0:58  Hatchery  
  17  1:07  Drone  
  18  1:29  Spawning Pool  
  17  1:33  Drone  
  17  1:34  Drone  
  17  1:35  Extractor  
  18  2:00  Drone  
  18  2:01  Drone x2  
  21  2:18  Spine Crawler  
  21  2:19  Spine Crawler  
  19  2:25  Zergling x4  
  21  2:33  Zergling x4  
  18  3:09  Drone x2  
  18  3:10  Drone  
  21  3:35  Overlord  
  21  3:36  Overlord  
  21  3:44  Zergling x2  
  22  3:53  Queen  
  24  4:09  Extractor  
  23  4:11  Roach Warren, Drone x2  
  24  4:18  Drone  
  25  4:30  Zergling x2  
  26  4:37  Zergling x2  
  27  4:54  Lair  
  27  5:06  Roach x2  
  31  5:07  Metabolic Boost  
  31  5:10  Roach  
  31  5:11  Roach x2  
  31  5:12  Baneling Nest  
  36  5:18  Roach  
  38  5:27  Overlord  
  38  5:33  Hatchery  
  37  5:40  Overlord  
  34  6:00  Roach x3  
  34  6:01  Nydus Network  
  39  6:07  Roach  
  41  6:16  Zergling x2  
  42  6:25  Ravager x2  
  44  6:29  Roach  
  44  6:30  Zergling x6  
  49  6:36  Baneling x2  
  49  6:45  Zergling x4  
  51  6:50  Baneling x3  
  51  7:01  Zergling x4  
  53  7:15  Nydus Canal  
  53  7:18  Zergling x12  
  59  7:24  Overlord  
  41  7:56  Roach x5  
Show
View Real Time Build Order
Export as new Build Order

Megamanchi Protoss - Winner!

Build Orders: Cannon Rush 

Get SALT Encoding   

  12  0:01  Probe (Chrono Boost)  
  13  0:12  Probe (Chrono Boost)  
  14  0:18  Pylon  
  14  0:22  Probe (Chrono Boost)  
  15  0:36  Probe (Chrono Boost)  
  15  0:38  Forge  
  16  0:47  Probe (Chrono Boost)  
  17  0:58  Pylon  
  17  1:05  Pylon  
  17  1:30  Photon Cannon  
  17  1:36  Photon Cannon  
  17  1:44  Photon Cannon  
  16  2:07  Probe (Chrono Boost)  
  17  2:11  Gateway, Assimilator  
  17  2:14  Assimilator  
  17  2:18  Probe (Chrono Boost)  
  18  2:31  Probe (Chrono Boost)  
  19  2:41  Probe (Chrono Boost)  
  19  2:42  Nexus  
  19  3:06  Pylon  
  19  3:12  Probe (Chrono Boost)  
  20  3:15  Cybernetics Core  
  20  3:18  Photon Cannon  
  20  3:22  Probe (Chrono Boost)  
  21  3:27  Photon Cannon  
  21  3:30  Pylon  
  21  3:33  Probe (Chrono Boost)  
  22  3:35  Pylon  
  22  3:38  Pylon  
  22  3:41  Zealot  
  22  3:43  Probe (Chrono Boost)  
  25  4:04  Photon Cannon  
  25  4:08  Pylon  
  25  4:10  Pylon  
  25  4:18  Mothership Core (Chrono Boost)  
  27  4:28  Pylon  
  27  4:30  Photon Cannon  
  27  4:41  Probe (Chrono Boost)  
  27  4:48  Robotics Facility  
  27  4:52  Probe (Chrono Boost)  
  28  5:04  Probe (Chrono Boost)  
  29  5:10  Probe (Chrono Boost)  
  29  5:11  Warp Gate  
  30  5:15  Probe (Chrono Boost)  
  30  5:21  Probe (Chrono Boost)  
  32  5:25  Probe (Chrono Boost)  
  33  5:34  Gateway  
  33  5:36  Probe (Chrono Boost)  
  34  5:43  Immortal  
  34  5:46  Probe (Chrono Boost)  
  40  5:57  Probe (Chrono Boost)  
  40  6:01  Protoss Ground Weapons Level 1 (Chrono Boost)  
  40  6:09  Probe (Chrono Boost)  
  41  6:15  Pylon  
  41  6:17  Gateway  
  41  6:20  Gateway, Probe (Chrono Boost)  
  42  6:26  Immortal (Chrono Boost)  
  42  6:30  Probe (Chrono Boost)  
  47  6:33  Twilight Council  
  47  6:38  Probe (Chrono Boost)  
  48  6:40  Probe (Chrono Boost)  
  48  6:41  Assimilator  
  49  6:49  Probe  
  49  6:52  Gateway  
  50  7:04  Immortal (Chrono Boost)  
  54  7:17  Zealot  
  54  7:18  Zealot  
  58  7:29  Photon Cannon  
  58  7:38  Zealot x4  
  42  8:19  Zealot x2  
  44  8:20  Zealot x2  
Tags
 
Add a new tag
Caveats
  • Supply blocks, unpowered buildings, or Contaminate may cause inaccurate times.
  • Supply counts are checked every 10 seconds.